 Dungeon Crawl Stone Soup version 0.23-a0-407-g92528d7c89 (webtiles) character file.

1056 Nixze the Firebug (level 8, -2/57 HPs)
             Began as a Black Draconian Fire Elementalist on Nov 7, 2018.
             Shot with an arrow by a centaur (9 damage)
             ... on level 5 of the Dungeon.
             The game lasted 00:17:55 (6966 turns).

Nixze the Firebug (DrFE)                            Turns: 6966, Time: 00:17:56

Health: -2/57      AC:  6    Str: 15    XL:     8   Next: 6%
Magic:  8/11       EV: 12    Int: 20    God:
Gold:   266        SH:  0    Dex: 13    Spells: 1/11 levels left

rFire    . . .     SeeInvis .   a - +1 dagger (venom)
rCold    . . .     Gourm    .   (no shield)
rNeg     . . .     Faith    .   (armour unavailable)
rPois    +         Spirit   .   (helmet restricted)
rElec    +         Reflect  .   (no cloak)
rCorr    .         Harm     .   (no gloves)
MR       .....                  (no boots)
Stlth    ++........             (no amulet)
HPRegen  0.19/turn              k - +3 ring of intelligence
MPRegen  0.12/turn              y - ring of poison resistance

@: mighty, short of breath
A: breathe lightning, unfitting armour, electricity resistance, cold-blooded, AC
+6
a: Breathe Lightning


You were on level 5 of the Dungeon.
You were not hungry.

You visited 1 branch of the dungeon, and saw 5 of its levels.

You collected 266 gold pieces.

Inventory:

Hand Weapons
 a - a +1 dagger of venom (weapon)
 b - a +2 dagger of holy wrath
Jewellery
 k - a +3 ring of intelligence (left hand)
 w - an uncursed ring of protection from magic
 y - a ring of poison resistance (right hand)
Wands
 t - a wand of random effects (11)
 v - a wand of flame (17)
Scrolls
 c - 5 scrolls of magic mapping
 e - 2 scrolls of teleportation
 f - a scroll of fog
 j - 2 scrolls of immolation
 m - a scroll of enchant armour {unknown}
 o - a scroll of blinking {unknown}
 p - a scroll of amnesia {unknown}
 s - a scroll of fear {unknown}
Potions
 d - a potion of ambrosia {unknown}
 i - a potion of might
 l - a potion of brilliance {unknown}
 q - 2 potions of magic {unknown}
 r - a potion of lignification {unknown}
 u - a potion of invisibility {unknown}
 x - a potion of flight {unknown}
 z - a potion of heal wounds {unknown}
 B - a potion of curing
Comestibles
 g - 3 rations


   Skills:
 - Level 1.7 Dodging
 - Level 1.7 Stealth
 - Level 2.0 Spellcasting
 + Level 6.8 Conjurations
 - Level 7.1 Fire Magic


You had one spell level left.
You knew the following spells:

 Your Spells              Type           Power        Failure   Level  Hunger
a - Flame Tongue          Conj/Fire      ####.        1%          1    #......
b - Throw Flame           Conj/Fire      ####..       1%          2    ##.....
c - Conjure Flame         Conj/Fire      ####....     2%          3    ###....
d - Sticky Flame          Conj/Fire      ####....     9%          4    #####..

Your spell library contained the following spells:

 Spells                   Type           Power        Failure   Level  Hunger
 Beastly Appendage        Tmut           #.....       16%         1    #......
 Inner Flame              Hex/Fire       ###.....     11%         3    ###....
 Sticks to Snakes         Tmut           #.......     24%         2    ##.....
 Fireball                 Conj/Fire      ####......   24%         5    ######.
 Force Lance              Conj/Tloc      ###.....     36%         4    #####..
 Gell's Gravitas          Tloc           #.........   43%         3    ###....
 Portal Projectile        Hex/Tloc       #.....       43%         3    ###....
 Spider Form              Tmut/Pois      #.........   43%         3    ###....
 Ice Form                 Ice/Tmut       #.......     83%         4    #####..
 Blade Hands              Tmut           #.........   99%         5    ######.
 Dispersal                Tloc           #.........   100%        6    #######
 Controlled Blink         Tloc           N/A          100%        8    #######
 Disjunction              Tloc           #.........   100%        8    #######


Dungeon Overview and Level Annotations

Branches:
Dungeon (5/15)
 Temple: D:4-7

Altars:
Gozag
Makhleb
Okawaru
Yredelemnul

Annotations:
D:4 4 runed doors, exclusion: 4 doors
D:5 Fandomethor's ghost, amateur MfFi


Innate Abilities, Weirdness & Mutations

You can breathe wild blasts of lightning.
Your glossy black scales are hard. (AC +6)
You cannot fit into any form of body armour.
You are resistant to electric shocks. (rElec)
You are cold-blooded and may be slowed by cold attacks.


Message History

The howler monkey hits you.
* * * LOW HITPOINT WARNING * * *
You see here an arrow.
It was a potion of might.
You feel very mighty all of a sudden. The bullfrog skeleton misses you.
The centaur shoots an arrow.
The arrow hits you.
* * * LOW HITPOINT WARNING * * *
The howler monkey hoots and howls with incredible vigour!
It was a potion of curing.
You feel better.
The centaur shoots an arrow.
The arrow hits you!
* * * LOW HITPOINT WARNING * * *
The bullfrog skeleton barely misses you.
The howler monkey hits you but does no damage.
The bullfrog skeleton hits you but does no damage.
The centaur shoots an arrow.
The arrow completely misses you.
The arrow closely misses the howler monkey.
The howler monkey hoots and howls with incredible vigour!
The centaur shoots an arrow.
The arrow hits you!
You die...

.........#.###............
......#.....##............
.....##.....#.............
........"............#
............#......###
............##...S.#######
####..#####......hZW......
#### ##.....(##......


Z.ZW #....@.##....## ..... ##(.....# ....# #.. #..#.<....#......
#..#.........##.o #..#.......).# .. #..##...c........# #...#.........#..## ...
#........##.## .. #.........# # You could see a phantom, a centaur, a howler
monkey, an adder and a bullfrog skeleton.

Vanquished Creatures
  Edmund (D:4)
  An ogre (D:4)
  A phantom (D:4)
  A centaur (D:5)
  A big kobold (D:4)
  A water moccasin skeleton (D:4)
  2 howler monkeys
  A crimson imp (D:5)
  3 hounds (D:4)
  An orc priest (D:3)
  An orc wizard (D:4)
  A bullfrog skeleton (D:5)
  Ijyb (D:4)
  A worker ant (D:4)
  Robin (D:4)
  4 gnolls
  7 adders
  2 worms (D:2)
  5 dart slugs
  3 leopard geckos
  15 orcs
  A ball python (D:4)
  7 giant cockroaches
  6 goblins
  10 hobgoblins
  4 jackals
  2 quokkas
  7 bats
  4 frilled lizards
  10 kobolds
  3 rats (D:1)
108 creatures vanquished.

Notes
Turn   | Place    | Note
-------+----------+-------------------------------------------
     0 | D:1      | Nixze the Draconian Fire Elementalist began the quest for
                  | the Orb.
     0 | D:1      | Reached XP level 1. HP: 14/14 MP: 3/3
   230 | D:1      | Reached XP level 2. HP: 20/20 MP: 0/5
   646 | D:1      | Reached XP level 3. HP: 26/26 MP: 3/6
   831 | D:1      | Learned a level 2 spell: Throw Flame
   835 | D:1      | Learned a level 3 spell: Conjure Flame
  1616 | D:2      | Reached skill level 4 in Fire Magic
  1811 | D:2      | Reached XP level 4. HP: 33/33 MP: 3/7
  2072 | D:2      | Found a burning altar of Makhleb.
  2110 | D:2      | Found a basalt altar of Yredelemnul.
  2326 | D:2      | Found an iron altar of Okawaru.
  4075 | D:3      | Reached XP level 5. HP: 6/38 MP: 4/8
  4564 | D:4      | Reached skill level 5 in Fire Magic
  4750 | D:3      | Reached XP level 6. HP: 17/45 MP: 1/9
  5073 | D:4      | Noticed Ijyb
  5088 | D:4      | Killed Ijyb
  5314 | D:4      | Noticed Edmund
  5362 | D:4      | Identified the cursed +0 leather armour of Insatiable
                  | Hunger {MR++ Int+3}
  5453 | D:4      | Killed Edmund
  5453 | D:4      | Reached skill level 5 in Conjurations
  5635 | D:4      | Reached skill level 6 in Fire Magic
  5635 | D:4      | Your scales start taking on a glossy black colour.
  5635 | D:4      | Reached XP level 7. HP: 50/50 MP: 1/10
  5635 | D:4      | Gained mutation: You are resistant to electric shocks.
                  | (rElec) [Black Draconian growth]
  5766 | D:4      | Learned a level 4 spell: Sticky Flame
  5807 | D:4      | Found a large runed door.
  5807 | D:4      | Found a large runed door.
  5974 | D:4      | Noticed a hungry ghost
  5979 | D:4      | Found a large runed door.
  5979 | D:4      | Found a large runed door.
  6004 | D:4      | Noticed Robin
  6014 | D:4      | Killed Robin
  6431 | D:4      | Found an opulent altar of Gozag.
  6667 | D:5      | Entered Level 5 of the Dungeon
  6728 | D:5      | Noticed Fandomethor's ghost (amateur MfFi)
  6743 | D:4      | Reached skill level 7 in Fire Magic
  6962 | D:5      | Reached XP level 8. HP: 21/57 MP: 7/11
  6966 | D:5      | Shot with an arrow by a centaur

Vault maps used:
D:1:      lordsloth_arrival_two_stooges, st_stairs_13
D:2:      overflow_temple_1_default, lemuel_crystal_altar, old_standard_altar,
          first_ration
D:3:      minmay_misc_feat_doors
D:4:      kennysheep_mini_moat, minmay_hollow_rounded_squares, uniq_ijyb,
          uniq_robin, uniq_edmund
D:5:      lemuel_coloured_pillars_altar, gammafunk_ghost_icy

Skill      XL: |  1  2  3  4  5  6  7 |
---------------+----------------------+-----
Conjurations   | 2 3 4 5 6 |  6.8
Fire Magic     | 4 5 6 7 |  7.1
Dodging        | |  1.7
Stealth        | |  1.7
Spellcasting   | |  2.0

Action                   |  1- 3 |  4- 6 |  7- 9 || total
-------------------------+-------+-------+-------++-------
Melee: Short sword       |     8 |       |       ||     8
       Dagger            |     4 |    31 |    19 ||    54
       Tailslap          |     1 |     3 |     1 ||     5
 Cast: Flame Tongue      |    55 |   104 |    60 ||   219
       Throw Flame       |    13 |    27 |     1 ||    41
       Conjure Flame     |       |     2 |       ||     2
 Abil: Breathe Lightning |       |       |     3 ||     3
Evoke: Wand              |       |     6 |       ||     6
  Use: Scroll            |       |     5 |     2 ||     7
       Potion            |       |       |     2 ||     2
  Eat: Chunk             |     4 |    13 |     2 ||    19
       Ration            |       |     1 |     1 ||     2
Armor: Skin              |     7 |    23 |    21 ||    51
Dodge: Dodged            |    17 |    51 |    27 ||    95

Table legend:
 A = Non-vault XP
 B = Vault XP
 C = Vault XP percentage of total XP
 D = Non-vault monster count
 E = Vault monster count
 F = Vault count percentage of total count
                 A         B        C        D         E       F
            +---------+---------+-------+---------+---------+-------
      Total |     925 |     584 |  38.7 |      92 |      16 |  14.8
            +---------+---------+-------+---------+---------+-------
        D:1 |      48 |       4 |   7.7 |      20 |       1 |   4.8
        D:2 |      81 |       0 |   0.0 |      26 |       0 |   0.0
        D:3 |     160 |       0 |   0.0 |      18 |       0 |   0.0
        D:4 |     429 |     580 |  57.5 |      24 |      15 |  38.5
        D:5 |     207 |       0 |   0.0 |       4 |       0 |   0.0
            +---------+---------+-------+---------+---------+-------
